Map: Alcyone LE

Players

A.I. 1 (Elite)

  • Race: Zerg Zerg
  • Spawn Location: 7:00

Janpol - Winner!

  • Race: Zerg Zerg
  • League: Diamond
  • Spawn Location: 1:00

VOD

Have the link to the VOD?

Description

Time

  • Played on: March 10, 2024, 7:24 a.m.
  • Length: 15:32
Show
View Real Time Build Order
Export as new Build Order

A.I. 1 (Elite) Zerg 

Build Orders: Pool First 

Get SALT Encoding   

  12  0:00  Drone  
  13  0:12  Overlord  
  13  0:16  Drone  
  14  0:30  Drone x2  
  16  0:43  Spawning Pool  
  16  0:44  Drone  
  16  0:49  Drone  
  17  1:12  Hatchery  
  17  1:13  Drone  
  17  1:14  Extractor  
  17  1:17  Drone  
  17  1:20  Drone  
  18  1:28  Drone  
  19  1:38  Overlord  
  19  1:45  Queen  
  21  1:49  Drone  
  22  2:00  Zergling x2  
  23  2:10  Drone  
  24  2:21  Drone, Queen  
  27  2:23  Roach Warren  
  27  2:24  Extractor  
  27  2:26  Drone  
  26  2:32  Drone  
  27  2:40  Overlord  
  28  2:44  Drone  
  28  2:47  Drone  
  29  2:52  Drone  
  29  2:54  Drone  
  29  2:58  Drone  
  32  3:00  Zergling x2  
  32  3:03  Zergling x2  
  34  3:08  Roach  
  34  3:12  Roach  
  38  3:16  Roach  
  38  3:19  Roach  
  42  3:24  Drone x2  
  44  3:30  Overlord  
  44  3:36  Lair  
  44  3:40  Metabolic Boost  
  44  3:45  Overlord  
  44  3:48  Drone  
  45  3:50  Drone  
  45  3:52  Drone  
  45  3:54  Zergling x2  
  48  3:57  Zergling x2  
  48  3:59  Zergling x2  
  50  4:06  Drone, Evolution Chamber  
  50  4:10  Evolution Chamber  
  50  4:11  Drone  
  50  4:13  Drone  
  50  4:15  Drone  
  52  4:17  Drone  
  52  4:19  Drone  
  54  4:32  Zerg Missile Weapons Level 1  
  54  4:35  Zerg Ground Armor Level 1  
  54  4:36  Drone, Hydralisk Den  
  54  4:39  Overlord  
  54  4:42  Roach  
  54  4:45  Roach  
  58  5:02  Drone, Overlord  
  58  5:03  Drone  
  58  5:05  Extractor, Hydralisk, Drone  
  62  5:07  Drone, Hydralisk x2  
  67  5:19  Hydralisk  
  67  5:20  Extractor, Drone x3, Overlord  
  71  5:22  Drone  
  71  5:24  Drone  
  73  5:31  Drone x3  
  76  5:38  Drone  
  76  5:39  Infestation Pit  
  76  5:42  Overlord  
  76  5:44  Drone  
  76  5:45  Drone  
  76  5:47  Drone  
  76  5:49  Drone  
  79  5:52  Drone  
  80  5:57  Drone  
  80  6:03  Drone x2, Roach, Overlord  
  85  6:07  Roach  
  87  6:13  Ravager  
  87  6:17  Infestor  
  90  6:21  Infestor, Roach  
  90  6:22  Hatchery  
  90  6:24  Overseer, Overlord  
  90  6:25  Ravager  
  94  6:27  Roach  
  94  6:30  Hydralisk  
  98  6:41  Hydralisk  
  98  6:42  Hydralisk, Overlord  
  98  6:44  Hydralisk  
  104  6:58  Infestor  
  104  7:01  Overlord  
  106  7:11  Infestor  
  106  7:15  Roach  
  110  7:19  Spine Crawler  
  110  7:22  Spine Crawler  
  108  7:28  Roach, Overlord  
  110  7:30  Zerg Missile Weapons Level 2  
  110  7:33  Queen  
  110  7:34  Drone x3  
  110  7:35  Drone x3  
  110  7:36  Drone x2  
  120  7:38  Drone x3  
  120  7:41  Drone  
  120  7:42  Extractor, Drone x3  
  126  7:44  Drone  
  127  7:51  Overlord  
  127  7:53  Drone  
  127  7:55  Zergling x2  
  122  8:02  Zergling x2  
  122  8:03  Drone  
  96  8:09  Hydralisk  
  96  8:10  Roach x2  
  81  8:13  Drone  
  81  8:14  Zergling x2, Drone, Hydralisk, Roach  
  83  8:25  Hydralisk, Roach  
  84  8:35  Zergling x2  
  85  8:41  Drone, Roach x2  
  85  8:46  Infestor  
  57  8:58  Roach  
  57  9:01  Hatchery  
  56  9:08  Zergling x2  
  56  9:12  Extractor  
  56  9:13  Zergling x2  
  56  9:15  Hydralisk  
  58  9:23  Hydralisk  
  60  9:31  Hydralisk  
  60  9:37  Hatchery  
  61  9:42  Hydralisk  
  63  9:48  Drone, Extractor  
  63  9:53  Drone  
  63  9:58  Zergling x2  
  55  10:03  Zergling x2  
  54  10:13  Hydralisk  
  54  10:30  Zergling x2  
  54  10:31  Zergling x2  
  54  10:34  Hydralisk  
  54  10:39  Roach  
  54  10:42  Roach  
  48  10:45  Roach  
  48  10:48  Roach  
  52  10:52  Hydralisk  
  51  10:57  Zergling x2  
  51  10:59  Zergling x2  
  51  11:03  Hydralisk  
  54  11:07  Hydralisk  
  54  11:10  Drone  
  57  11:12  Drone  
  57  11:14  Drone  
  57  11:17  Drone  
  60  11:18  Drone  
  60  11:20  Drone  
  60  11:23  Drone  
  60  11:25  Drone  
  64  11:27  Drone  
  64  11:29  Drone  
  64  11:31  Drone  
  67  11:33  Drone  
  67  11:35  Drone  
  67  11:36  Drone  
  67  11:38  Drone  
  71  11:40  Drone  
  71  11:45  Drone x2  
  74  11:51  Drone  
  74  11:52  Infestor, Drone  
  74  11:53  Drone  
  79  11:54  Overseer  
  79  11:55  Drone  
  79  11:56  Drone  
  81  12:01  Drone  
  81  12:06  Drone  
  81  12:07  Drone  
  84  12:12  Roach  
  86  12:17  Roach, Ravager  
  86  12:18  Roach  
  86  12:22  Ravager  
  92  12:23  Hydralisk, Roach x2  
  92  12:24  Roach  
  92  12:27  Hydralisk  
  92  12:29  Zergling x2  
  97  12:33  Zergling x2  
  92  12:37  Hydralisk  
  92  12:39  Hydralisk  
  92  12:43  Hydralisk, Ravager x2  
  92  12:44  Pneumatized Carapace, Zerg Ground Armor Level 2  
  90  12:48  Hydralisk  
  90  12:51  Roach  
  96  12:55  Infestor, Drone  
  96  12:56  Roach  
  81  12:59  Drone  
  81  13:02  Roach  
  75  13:10  Roach  
  54  13:28  Zergling x2  
  47  13:40  Zergling x2  
  35  13:55  Drone, Roach  
  38  14:04  Drone  
  38  14:05  Drone  
  40  14:13  Drone  
  41  14:22  Drone, Overseer  
  42  14:33  Roach  
  44  14:41  Zergling x2  
Show
View Real Time Build Order
Export as new Build Order

Janpol Zerg - Winner!

Build Orders: Hatch First, Lurkers 

Get SALT Encoding   

  12  0:00  Drone  
  13  0:12  Overlord  
  13  0:17  Drone  
  14  0:30  Drone x2  
  16  0:52  Drone, Hatchery  
  16  0:56  Drone  
  17  1:00  Drone  
  18  1:10  Extractor  
  17  1:15  Spawning Pool  
  17  1:18  Drone  
  17  1:21  Drone  
  18  1:29  Drone  
  19  1:42  Drone  
  20  1:50  Overlord  
  20  2:02  Queen  
  20  2:05  Drone, Queen  
  25  2:09  Zergling x2  
  25  2:12  Drone  
  27  2:20  Drone  
  28  2:23  Drone  
  28  2:26  Drone  
  30  2:32  Overlord  
  30  2:46  Drone x2  
  30  2:47  Queen  
  30  2:48  Lair  
  30  2:50  Drone  
  35  2:59  Roach Warren  
  35  3:02  Drone x2, Evolution Chamber  
  35  3:14  Drone x2  
  35  3:15  Overlord  
  35  3:17  Drone x2  
  39  3:23  Drone x2  
  41  3:28  Zerg Missile Weapons Level 1  
  41  3:30  Drone  
  41  3:33  Extractor  
  41  3:34  Extractor  
  41  3:36  Drone  
  41  3:44  Drone x4  
  45  3:50  Glial Reconstitution  
  45  3:57  Overlord  
  45  3:58  Roach  
  47  4:14  Drone  
  47  4:15  Drone  
  47  4:16  Drone x2  
  51  4:24  Hatchery  
  51  4:25  Roach x4  
  58  4:35  Overlord x2  
  58  4:48  Drone x2  
  58  4:51  Overlord  
  58  4:52  Overlord  
  60  5:00  Evolution Chamber  
  60  5:03  Drone  
  60  5:06  Drone x5  
  65  5:22  Drone x4  
  65  5:26  Zerg Missile Weapons Level 2  
  65  5:28  Zerg Ground Armor Level 1  
  69  5:34  Roach x2  
  73  5:40  Overlord x3  
  73  5:51  Drone  
  73  5:52  Extractor, Roach x7  
  87  6:02  Roach x2  
  91  6:06  Roach x2  
  91  6:09  Overlord  
  95  6:15  Roach x2  
  95  6:17  Drone  
  100  6:24  Roach x6  
  112  6:28  Overlord x4  
  112  6:33  Hatchery  
  112  6:39  Roach x3  
  117  6:47  Overlord x4  
  117  6:48  Overlord x2  
  117  6:49  Roach x2  
  117  6:53  Roach  
  123  6:57  Roach x3  
  129  7:02  Roach x3  
  129  7:08  Roach x2  
  139  7:11  Ravager x5  
  139  7:13  Roach  
  146  7:20  Roach x3  
  146  7:21  Roach  
  154  7:27  Roach x3  
  160  7:32  Roach x2  
  160  7:33  Roach  
  166  7:41  Roach x3  
  172  7:45  Roach x2  
  169  7:59  Roach x6  
  156  8:07  Roach x4  
  159  8:18  Extractor  
  159  8:19  Drone x8  
  166  8:26  Drone x8  
  174  8:31  Ravager  
  174  8:33  Ravager  
  176  8:40  Metabolic Boost  
  174  9:02  Extractor  
  174  9:03  Drone x3, Hydralisk Den  
  174  9:04  Drone x3  
  172  9:11  Queen  
  172  9:13  Zerg Ground Armor Level 2  
  172  9:14  Overlord  
  174  9:19  Pneumatized Carapace  
  174  9:21  Overseer  
  174  9:32  Grooved Spines  
  174  9:36  Extractor, Drone  
  174  9:37  Drone x2, Extractor  
  174  9:38  Drone x3  
  178  10:03  Drone  
  178  10:04  Drone, Hydralisk x6  
  178  10:05  Hydralisk x4  
  200  10:19  Lurker Den  
  199  10:22  Infestation Pit, Muscular Augments  
  199  10:28  Zergling x4  
  200  10:58  Hive  
  200  11:20  Hatchery  
  200  11:23  Unknown  
  198  11:37  Baneling Nest  
  197  11:47  Hatchery  
  197  11:49  Hatchery  
  195  11:59  Lurker  
  195  12:00  Lurker x4  
  200  12:06  Zerg Melee Weapons Level 1  
  200  12:10  Adrenal Glands  
  200  12:11  Seismic Spines  
  200  12:26  Burrow  
  199  13:04  Centrifugal Hooks  
  199  13:08  Viper, Adaptive Talons  
  199  13:16  Overseer  
  199  13:57  Lurker  
Tags
 
Composition
Lurkers
League
Diamond
Matchup
ZvZ
Race
Zerg
Spawn Locations
Cross Positions
Add a new tag
Caveats
  • Supply blocks, unpowered buildings, or Contaminate may cause inaccurate times.
  • Supply counts are checked every 10 seconds.